 Dungeon Crawl Stone Soup version 0.28.0-43-g3370ac3207 (webtiles) character file.

Game seed: 8272122253641434643

746 Revguard the Skirmisher (level 7, -1/62 HPs)
             Began as a Black Draconian Berserker on Mar 14, 2022.
             Was a Believer of Trog.
             Slain by a hound (2 damage)
             ... on level 6 of the Dungeon.
             The game lasted 00:12:37 (3416 turns).

Revguard the Skirmisher (Black Draconian Berserker) Turns: 3416, Time: 00:12:37

Health: -1/62      AC:  6    Str: 20    XL:     7   Next: 48%
Magic:  7/7        EV: 13    Int:  7    God:    Trog [**....]
Gold:   105        SH:  0    Dex: 12    Spells: 6/6 levels left

rFire   . . .      SeeInvis .   a - +1 hand axe
rCold   . . .      Faith    .   (no shield)
rNeg    . . .      Spirit   .   (armour unavailable)
rPois   .          Reflect  .   (helmet restricted)
rElec   +          Harm     .   (no cloak)
rCorr   .          Rampage  .   (no gloves)
Will    .....                   (no boots)
Stlth   +.........              (no amulet)
HPRegen 0.20/turn               (no ring)
MPRegen 0.10/turn               (no ring)

@: weak-willed, on berserk cooldown, unable to read
A: breathe lightning, AC +6, unfitting armour, electricity resistance,
cold-blooded, mutation resistance 1, inability to read while threatened
a: Breathe Lightning, Renounce Religion, Berserk, Trog's Hand


You were on level 6 of the Dungeon.
You worshipped Trog.
Trog was pleased with you.
You visited 1 branch of the dungeon, and saw 4 of its levels.

You collected 105 gold pieces.

Inventory:

Hand Weapons
 a - a +1 hand axe (weapon)
Missiles
 i - 4 curare-tipped darts (quivered)
Jewellery
 k - a ring of ice
Wands
 l - a wand of mindburst (15)
Scrolls
 c - a scroll of enchant armour
 g - 2 scrolls of enchant weapon
 h - 2 scrolls of teleportation
Potions
 e - a potion of attraction {unknown}
 j - a potion of might {unknown}
 n - a potion of magic


   Skills:
 + Level 5.7 Fighting
 + Level 5.2 Axes
 - Level 2.6 Throwing
 + Level 4.6 Dodging
 + Level 1.7 Evocations


You had 6 spell levels left.
You didn't know any spells.
Your spell library was empty.

Dungeon Overview and Level Annotations

Branches:
Dungeon (3/15)

Altars:
The Shining One


Innate Abilities, Weirdness & Mutations

You can breathe wild blasts of lightning.
Your glossy black scales are hard. (AC +6)
You cannot fit into any form of body armour.
You are resistant to electric shocks. (rElec)
You are cold-blooded and may be slowed by cold attacks.
You are somewhat resistant to further mutation.
You sometimes lose the ability to read scrolls when taking damage.


Message History

You hear some strange, mumbled words.
You are confused.
You're too confused to move!
The hound closely misses you. The kobold hits you but does no damage.
The hound bites you. The hobgoblin hits you. The gnoll barely misses you.
You hear some strange, mumbled words.
A puff of flame appears from out of thin air!
The puff of flame hits you!
* * * LOW HITPOINT WARNING * * *
The hound bites you.
* * * LOW HITPOINT WARNING * * *
The kobold barely misses you.
You feel better.
You feel yourself speed up.
The hobgoblin hits you but does no damage.
The hound bites you.
* * * LOW HITPOINT WARNING * * *
The gnoll barely misses you. Something hits you.
* * * LOW HITPOINT WARNING * * *
The kobold hits you but does no damage. The hobgoblin closely misses you.
The hound bites you.
* * * LOW HITPOINT WARNING * * *
The gnoll closely misses you. Something hits you.
* * * LOW HITPOINT WARNING * * *
An orc wizard appears from thin air!
Reactivating autopickup.
The hobgoblin misses you.
The orc wizard casts a spell.
The orc wizard flickers and vanishes!
Deactivating autopickup; reactivate with Ctrl-A.
You see here a +0 short sword.
The hound barely misses you.
You see here a +0 dagger.
The hound bites you.
* * * LOW HITPOINT WARNING * * *
Items here: ( ))) ††.
The hound misses you.
Items here: ) / [ †.
The hound bites you.
You die...

## ##'''#PPPPP
.P♣♣♣♣....♣.P.♣P
.PP♣PP..)...♣...
.P♣P♣P..)......[
.P.P.........$..
......)))....###
..###.Kg..###
#############h..##
#...........@...#
#.........#######
#####.........# ###
...##.........#
###########.#
##............#
#......#....#
..###.........#
#......#.#..#
#.###.........#
#......#.#>##
#..##.........###..........#
##.....)........#........###


You could see a hound (weak-willed), a hobgoblin (weak-willed) and a kobold
(weak-willed).

Vanquished Creatures
  Duvessa (D:6)
  An ogre (D:6)
  A centaur (D:6)
  A bullfrog (D:6)
  Dowan (D:6)
  A howler monkey (D:6)
  2 bullfrog zombies (D:6)
  4 hounds (D:6)
  A jelly (D:6)
  Robin (D:2)
  A gnoll (D:6)
  2 adders
  An ufetubus (D:6)
  A worm (D:2)
  3 orcs (D:6)
  4 ball pythons
  8 endoplasms
  2 giant cockroaches
  12 goblins
  10 hobgoblins
  4 jackals (D:1)
  6 bats
  9 kobolds
  4 rats
81 creatures vanquished.

Vanquished Creatures (others)
  7 plants
7 creatures vanquished.

Grand Total: 88 creatures vanquished

Notes
Turn   | Place    | Note
-------+----------+-------------------------------------------
     0 | D:1      | Revguard the Draconian Berserker began the quest for the
                  | Orb.
     0 | D:1      | Reached XP level 1. HP: 19/19 MP: 1/1
   213 | D:1      | Reached XP level 2. HP: 23/26 MP: 2/2
  1140 | D:1      | Reached XP level 3. HP: 31/33 MP: 3/3
  1786 | D:2      | Found a faded altar of an unknown god.
  1793 | D:2      | Found a glowing golden altar of the Shining One.
  1804 | D:2      | Reached ** piety under Trog
  2071 | D:2      | Noticed Robin
  2084 | D:2      | Reached XP level 4. HP: 40/40 MP: 4/4
  2084 | D:2      | Killed Robin
  2413 | D:2      | Gained mutation: You are resistant to electric shocks.
                  | (rElec) [potion of mutation]
  2413 | D:2      | Gained mutation: You sometimes lose the ability to read
                  | scrolls when taking damage. [potion of mutation]
  2413 | D:2      | Gained mutation: You are somewhat resistant to further
                  | mutation. [potion of mutation]
  2426 | D:3      | You are sucked into a shaft and drop 3 floors!
  2464 | D:6      | Reached skill level 1 in Throwing
  2555 | D:6      | Reached XP level 5. HP: 30/47 MP: 5/5
  2771 | D:6      | Noticed an ogre
  2778 | D:6      | Killed an ogre
  2779 | D:6      | Reached XP level 6. HP: 55/55 MP: 6/6
  2787 | D:6      | Reached skill level 5 in Fighting
  3033 | D:6      | Your scales start taking on a glossy black colour.
  3033 | D:6      | Reached XP level 7. HP: 56/61 MP: 7/7
  3033 | D:6      | Mutation became permanent: You are resistant to electric
                  | shocks. (rElec) [Black Draconian growth]
  3033 | D:6      | Gained mutation: You are resistant to electric shocks.
                  | (rElec) [Black Draconian growth]
  3359 | D:6      | Noticed Duvessa
  3360 | D:6      | Noticed Dowan
  3374 | D:6      | Killed Dowan
  3374 | D:6      | Killed Duvessa
  3375 | D:6      | Reached skill level 5 in Axes
  3375 | D:6      | Reached skill level 1 in Evocations
  3409 | D:6      | HP: 3/62 [hound (3)]
  3409 | D:6      | HP: 1/62 [something (2)]
  3416 | D:6      | Slain by a hound

Illustrated notes

Levels and vault maps discovered:
D:1:      evilmike_arrival_crescent, layout_loops_corners, serial_forest,
          infiniplex_forest_3_way, infiniplex_forest_straight_3,
          infiniplex_forest_3_way, infiniplex_forest_straight_1,
          infiniplex_forest_fountain, infiniplex_forest_clump_tiny,
          infiniplex_forest_clump_small, infiniplex_forest_straight_3
D:2:      minmay_door_path, layout_rooms, hellmonk_ecumenical_altar_run_dry,
          basic_altar, uniq_robin
D:3:      layout_loops_cross, yredelemnul_forgotten_temple_becter,
          item_on_display_a
D:6:      kennysheep_housing_project, layout_rooms, uniq_duvessa

Skill      XL: |  1  2  3  4  5  6  7 |
---------------+----------------------+-----
Dodging        | 3 4 |  4.6
Fighting       | 4 5 |  5.7
Throwing       | 1 2 |  2.6
Axes           | 4 5 |  5.2
Evocations     | 1 |  1.7

Action                   |  1- 3 |  4- 6 |  7- 9 || total
-------------------------+-------+-------+-------++-------
Melee: Hand axe          |   128 |    93 |    45 ||   266
       Tailslap          |     7 |    12 |     5 ||    24
       Punch             |     1 |       |       ||     1
Throw: Dart              |       |     1 |       ||     1
Invok: Trog's Hand       |     1 |     2 |     2 ||     5
       Berserk           |     1 |     2 |     1 ||     4
 Abil: Breathe Lightning |       |       |     1 ||     1
  Use: Scroll            |       |     7 |     1 ||     8
       Potion            |       |     4 |     2 ||     6
 Stab: Sleeping          |     1 |       |       ||     1
Armor: Skin              |    51 |    20 |    40 ||   111
Dodge: Dodged            |    90 |    77 |   103 ||   270
